 Dungeon Crawl Stone Soup version 0.8.0-178-g5053f60 character file.

3260567 Jordan7hm the Slayer (level 27, 144/234 (239) HPs)
             Began as a Demonspawn Berserker on June 4, 2011.
             Was the Champion of Ashenzari.
             Escaped with the Orb
             ... and 8 runes (of 8 types) on June 15, 2011!
             The game lasted 16:19:00 (208159 turns).

Jordan7hm the Slayer (Demonspawn Berserker)       Turns: 208159, Time: 16:19:00

HP 144/234 (239) AC 18     Str 24 (27) Exp: 27/3048771 (254)
MP  46/46        EV 20     Int 23 (25) God: Ashenzari [******]
Gold 2888        SH 47     Dex 19 (22) Spells: 16 memorised,  1 level left

Res.Fire  : + . .   See Invis. : +   i - +8,+7 demon blade (speed)
Res.Cold  : + + .   Warding    : . . Q - +3 leather armour "Zireifal" {rElec Dam+3}
Life Prot.: + + +   Conserve   : .   C - +15 shield "Bullseye" {EV-5}
Res.Acid. : . . .   Res.Corr.  : .   s - +2 helmet of Pragmatism {MR}
Res.Poison: +       Clarity    : +   P - +1 cloak of Faogept {Int+3 Dam+2}
Res.Elec. : +       Spirit.Shd : .   z - +2 pair of gloves of Grot {Dex+2 Int+2}
Sust.Abil.: . .     Stasis     : .   (boots unavailable)
Res.Mut.  : .       Ctrl.Telep.: .   M - amulet of Wishful Thinking {cFly rElec rPo Res.Rott. : . Levitation : . x - cursed ring of a Hundred Moons {Str+4 Dam+ Saprovore : . . . Ctrl.Flight: + X - cursed ring of Law {rF+ Str+4 Dex+3 Int+3}

@: very slightly glowing, incredibly resistant to hostile enchantments, fairly
stealthy
A: hooves 3, blurry vision 1, cold resistance 1, conserve potions, deformed body
3, deterioration 3, herbivore 2, fast metabolism 2, -10% hp, -10% mp, life
protection 3, passive freeze, screaming 3, slow healing 2, powered by pain 3, AC
+3, EV -1, Str -2
a: Scrying, Transfer Knowledge, Renounce Religion


You escaped.
You worshipped Ashenzari.
Ashenzari was exalted by your worship.
You were very hungry.

You visited 16 branches of the dungeon, and saw 93 of its levels.
You visited Pandemonium 2 times, and saw 13 of its levels.
You visited the Abyss 5 times.
You visited 1 bazaar.
You visited 1 Ziggurat, and saw 8 of its levels.
You visited 6 portal chambers: sewer, ossuary, bailey, spiders nest, ice cave, bailey.

You collected 12141 gold pieces.
You spent 6413 gold pieces at shops.
You used 2860 gold pieces for miscellaneous purposes.

Inventory:

Hand weapons
 i - a +8,+7 demon blade of speed (weapon)
Armour
 s - the cursed +2 helmet of Pragmatism (worn) {MR}
   (You bought it in a shop on level 3 of the Vaults)

   It increases your resistance to enchantments.
   It has a curse placed upon it.
 z - the cursed +2 pair of gloves of Grot (worn) {Dex+2 Int+2}
   (You found it on level 8 of the Vaults)

   It affects your intelligence (+2).
   It affects your dexterity (+2).
   It has a curse placed upon it.
 C - the cursed +15 shield "Bullseye" (worn) {EV-5}
   (You found it on level 6 of the Pits of Slime)

   It affects your evasion (-5).
   It has a curse placed upon it.
 P - the +1 cloak of Faogept (worn) {Int+3 Dam+2}
   (You bought it in a shop on level 3 of the Vaults)

   It affects your intelligence (+3).
   It affects your damage-dealing abilities (+2).
 Q - the +3 leather armour "Zireifal" (worn) {rElec Dam+3}
   (You bought it in a shop on level 7 of the Vaults)

   It affects your damage-dealing abilities (+3).
   It insulates you from electricity.
Magical devices
 b - a wand of fire (2)
 c - a wand of fireball (1)
 e - a wand of lightning (10)
 l - a wand of disintegration (4)
 n - a wand of hasting (6)
 J - a wand of digging (8)
 L - a wand of invisibility (2)
 R - a wand of healing (0)
 S - a wand of teleportation (7)
 W - a wand of teleportation (6)
Comestibles
 m - 4 royal jellies
Scrolls
 B - 7 scrolls of identify
 F - a scroll of remove curse
 V - a scroll of enchant armour
Jewellery
 a - an uncursed amulet of conservation {unknown}
 o - an uncursed amulet of resist mutation
 w - an uncursed ring of ice
 x - the cursed ring of a Hundred Moons (right hand) {Str+4 Dam+2 MP+9}
   (You found it on level 5 of the Elven Halls)

   [ring of magical power]

   It affects your strength (+4).
   It affects your damage-dealing abilities (+2).
   It has a curse placed upon it.
 I - a cursed ring of teleportation
 M - the amulet of Wishful Thinking (around neck) {cFly rElec rPois rN+ MR Dex+3}
   (You bought it in a shop on level 4 of the Orcish Mines)

   [amulet of controlled flight]

   It affects your dexterity (+3).
   It insulates you from electricity.
   It protects you from poison.
   It protects you from negative energy.
   It increases your resistance to enchantments.
 X - the cursed ring of Law (left hand) {rF+ Str+4 Dex+3 Int+3}
   (You found it on level 8 of the Vaults)

   [ring of protection from fire]

   It affects your strength (+4).
   It affects your intelligence (+3).
   It affects your dexterity (+3).
   It has a curse placed upon it.
Potions
 f - a potion of resistance
 g - a potion of brilliance
 j - a potion of magic
 D - 3 potions of agility
 U - 3 potions of might
 Z - a potion of invisibility
Books
 k - a book of Morphology

   Spells                             Type                      Level
   Sticks to Snakes                   Transmutation                2
   Petrify                            Transmutation/Earth          4
   Polymorph Other                    Hexes/Transmutation          4
   Cigotuvi's Degeneration            Transmutation/Necromancy     5
   Ignite Poison                      Fire/Transmutation           5
 q - a manual of Invocations
 t - a book of Conjurations [fire+earth]

   Spells                             Type                      Level
   Magic Dart                         Conjuration                  1
   Throw Flame                        Conjuration/Fire             2
   Stone Arrow                        Conjuration/Earth            3
   Conjure Flame                      Conjuration/Fire             3
   Bolt of Magma                      Conjuration/Fire/Earth       5
   Fireball                           Conjuration/Fire             6
 N - a book of Necromancy

   Spells                             Type                      Level
   Pain                               Necromancy                   1
   Animate Skeleton                   Necromancy                   1
   Lethal Infusion                    Charms/Necromancy            2
   Vampiric Draining                  Necromancy                   3
   *Regeneration                      Charms/Necromancy            3
   *Dispel Undead                     Necromancy                   4
   Animate Dead                       Necromancy                   4
 Y - a book of Wizardry

   Spells                             Type                      Level
   Summon Elemental                   Summoning                    4
   Teleport Self                      Translocation                5
   Agony                              Necromancy                   5
   Lightning Bolt                     Conjuration/Air              5
   Fireball                           Conjuration/Fire             6
   *Haste                             Charms                       6
   Invisibility                       Hexes                        6
Orbs of Power
 O - the Orb of Zot
Miscellaneous
 h - a golden rune of Zot
 p - a demonic rune of Zot
 r - a glowing rune of Zot
 u - a serpentine rune of Zot
 v - a silver rune of Zot
 y - a barnacled rune of Zot
 A - an ornate deck of summonings
 E - a slimy rune of Zot
 H - the horn of Geryon
 K - an abyssal rune of Zot You had 254 experience left.


   Skills:
 + Level 26 Fighting
 - Level 15 Long Blades
 + Level 11 Armour
 + Level 17 Dodging
 + Level 2 Stealth
 - Level 2 Stabbing
 + Level 19 Shields
 + Level 9 Traps & Doors
 - Level 15 Unarmed Combat
 + Level 16 Spellcasting
 - Level 15 Conjurations
 + Level 8 Charms
 - Level 5 Summonings
 + Level 6 Necromancy
 + Level 14 Translocations
 + Level 21 Ice Magic
 + Level 9 Air Magic
 + Level 3 Invocations
 + Level 2 Evocations


You had one spell level left.
You knew the following spells:

 Your Spells              Type           Power        Success   Level  Hunger
a - Freeze                Ice            #####        Perfect     1    None
b - Control Teleport      Chrm/Tloc      #######...   Excellent   4    None
c - Blink                 Tloc           N/A          Perfect     2    None
d - Apportation           Tloc           #######...   Perfect     1    None
e - Dispel Undead         Necr           ######...    Excellent   4    None
f - Regeneration          Chrm/Necr      #######...   Excellent   3    None
g - Summon Butterflies    Summ           ######...    Excellent   1    None
h - Iskenderun's Mystic   Conj           #######..    Excellent   4    None
i - Abjuration            Summ           ######....   Excellent   3    None
j - Bolt of Cold          Ice/Conj       ########..   Excellent   6    Honeycomb
k - Swiftness             Air/Chrm       #######...   Excellent   2    None
l - Repel Missiles        Air/Chrm       #######...   Excellent   2    None
m - Phase Shift           Tloc           #######...   Excellent   5    None
n - Controlled Blink Tloc N/A            Very         Good        7    Honeycomb
o - Freezing Cloud        Ice/Air/Conj   #######...   Excellent   6    Honeycomb
p - Haste                 Chrm           #######..    Good        6    Honeycomb

Dungeon Overview and Level Annotations

Branches:
Dungeon (27/27)            Temple (1/1) D:4             Orc (4/4) D:8
    Elf (5/5) Orc:3          Lair (8/8) D:8          Shoals (5/5) Lair:3
  Slime (6/6) Lair:8        Snake (5/5) Lair:3         Hive (2/2) D:11
  Vault (8/8) D:16          Blade (1/1) Vault:6       Crypt (5/5) Vault:4
   Tomb (3/3) Crypt:2         Coc (7/7) Hell            Tar (0/7) Hell
    Zot (5/5) D:27
    Dis: Hell:1         Geh: Hell:1

Altars:
Ashenzari
Cheibriados
Elyvilon
Fedhas
Kikubaaqudgha
Makhleb
Nemelex Xobeh
Okawaru
Sif Muna
The Shining One
Trog
Vehumet
Xom
Yredelemnul
Zin
Beogh
Jiyva

Shops:
D:15: ! D:20: * D:26: * Orc:4: [=+(( Elf:1: %**[ Snake:2: % Vault:1: [ Vault:2: ? Vault:3: [+[ Vault:7: [

Portals:
Hell: D:21 D:22 D:24 D:25 D:26 D:27 Lair:8

Coc:1*
Coc:2**
Coc:3*
Coc:4*


Coc:5 Coc:6* Coc:7** Abyss: D:22 D:24 D:25 D:26 Pan: D:24 D:25 Trove: Elf:3
(show horn of Geryon) Annotations Shoals:5 exclusion: oklob plant


Innate Abilities, Weirdness & Mutations

You have hooves in place of feet.
You are completely covered in icy blue scales (AC +3, EV -1, rC+).
Your flesh is cold resistant.
You are very good at protecting items from cold.
You are immune to negative energy.
A frigid envelope surrounds you and freezes all who hurt you.
You sometimes regain a lot of magical energy from taking damage.
Your vision is a little blurry.
Armour fits poorly on your badly deformed body.
Your body is rapidly deteriorating.
You digest meat very inefficiently.
You have a very fast metabolism.
You are frail (-10% HP).
Your magical capacity is low (-10% MP).
You frequently scream uncontrollably.
You heal very slowly.
You are weak (Str -2).


Message History

You start to feel a little uncertain.
Magic restored.
A scream rips itself from your throat!
You feel uncertain.
There is an escape hatch in the ceiling here.
Are you sure you want to leave the Dungeon?
You have escaped! ▒∙▒▒∙∙∙∙∙∙∙∙∙▒ ▒∙∙∙∙∙ ▒∙▒∙∙∙∙∙∙∙∙∙∙▒ ▒▒▒▒▒▒ ▒∙▒∙∙▒▒▒▒▒▒▒▒▒ ▒∙▒∙∙▒ ▒▒∙▒∙∙▒▒▒▒▒▒▒▒▒▒▒▒▒▒▒▒▒▒▒▒▒▒▒▒▒▒▒▒▒▒▒ ▒∙∙∙∙∙∙∙∙∙∙∙∙∙∙∙∙∙∙∙∙∙∙∙∙∙∙∙∙∙∙∙∙∙∙∙∙ ▒∙∙∙∙∙▒▒▒▒∙∙∙∙▒▒▒▒▒▒▒▒▒▒▒▒▒▒▒▒▒▒▒▒▒▒▒ ▒∙∙∙∙∙▒ ▒∙∙∙∙▒ ▒∙∙∙∙∙▒▒▒▒∙∙∙∙▒ ▒▒▒▒∙∙∙∙∙▒∙∙∙∙▒▒▒▒▒▒▒▒▒▒▒▒▒▒▒▒▒▒▒▒▒▒▒ ▒∙∙∙∙∙▒∙∙∙∙∙∙∙∙∙∙∙∙∙∙∙∙∙∙∙∙∙∙∙∙∙∙∙ ▒▒▒▒∙∙∙∙∙▒▒▒▒∙▒▒▒▒▒▒▒▒▒▒▒▒▒▒▒▒▒▒▒▒▒▒▒ ∙∙∙∙∙∙∙∙∙∙∙∙∙∙∙∙∙∙@∙∙∙∙∙∙∙∙∙∙∙∙∙∙∙∙∙∙

▒▒▒▒∙∙▒▒∙▒▒▒▒▒▒▒▒▒▒▒▒▒∙∙▒▒▒▒▒▒▒▒▒▒▒▒▒
▒▒▒▒∙∙▒▒∙▒ ▒▒∙▒▒∙▒▒▒∙▒∙∙(▒▒▒
∙∙▒▒∙∙▒▒∙▒ ▒∙∙▒∙∙∙∙∙∙∙▒▒▒∙▒▒
∙∙▒▒∙∙▒▒∙▒ ▒∙▒▒∙∙<∙∙∙▒▒▒∙∙∙∙
∙∙▒▒∙∙▒▒∙▒ ▒▒∙▒▒∙∙∙∙∙▒∙▒∙∙<∙∙
∙∙▒▒∙∙▒▒∙▒▒▒▒▒▒▒▒▒▒▒∙∙▒▒∙∙∙∙▒∙∙∙∙∙∙∙▒
∙∙∙∙∙∙∙∙∙∙∙∙∙∙∙∙∙∙∙{∙▒▒▒∙∙∙∙∙∙∙∙∙∙▒▒▒
∙∙▒▒∙∙▒▒∙▒▒▒▒▒▒▒▒▒▒∙∙▒▒∙∙∙∙∙∙∙∙▒▒▒▒
▒▒▒▒∙∙▒▒∙▒ ▒∙▒▒▒∙∙∙∙∙∙▒∙▒ ▒▒▒▒∙∙▒▒∙▒
▒∙▒∙∙∙∙∙∙▒▒▒▒▒ ∙∙∙∙∙∙∙▒∙▒ ▒∙▒∙∙∙▒▒▒▒
▒ ∙∙∙∙∙∙∙▒∙▒▒▒▒▒▒▒▒▒▒∙▒∙∙▒▒ ▒▒▒▒▒▒▒▒


There were no monsters in sight!

Vanquished Creatures
  the royal jelly (Slime:6)
  3 orbs of fire (Zot:5)
  34 greater mummies
  Saint Roka (D:19)
  2 curse toes (Zot:5)
  3 ancient liches
  2 Killer Klowns (Zot:5)
  Mara (D:22)
  Margery (D:20)
  Mennas (Crypt:5)
  Geryon (Hell)
  5 golden dragons
  3 Fiends (Pan)
  A demon lord (Pan)
  3 electric golems
  Xtahua (D:22)
  3 Pit Fiends
  Frederick (D:20)
  20 Orb Guardians (Zot:5)
  Nikola (D:14)
  A curse skull (Crypt:5)
  14 acid blobs
  2 quicksilver dragons (Vault:8)
  2 deep elf blademasters (Elf:5)
  4 titans (Vault:8)
  3 shadow dragons
  10 liches
  5 sphinxes
  12 storm dragons
  Kirke (D:15)
  2 krakens
  Rupert (Lair:6)
  Agnes (Snake:5)
  Frances (D:18)
  6 Shadow Fiends (Pan)
  8 draconian knights
  4 Ice Fiends
  Roxanne (D:17)
  5 draconian monks
  Aizul (D:18)
  6 ghouls
  Donald (Snake:1)
  6 frost giants
  A quicksilver dragon zombie (Crypt:2)
  9 Balrugs
  Wiglaf (D:18)
  6 draconian scorchers
  12 bone dragons
  6 draconian zealots
  3 Executioners (Pan)
  6 azure jellies (Slime:6)
  12 tentacled monstrosities
  3 draconian annihilators
  7 draconian shifters
  A kraken zombie (Coc:4)
  32 stone giants
  2 fire giants
  8 Cacodemons
  2 quicksilver dragon skeletons
  5 green draconians
  4 grey draconians
  3 draconian callers
  2 deep elf annihilators
  8 pale draconians
  6 deep elf death magi
  A dire elephant (Lair:8)
  Jozef (D:12)
  5 greater nagas (Snake:5)
  4 deep elf sorcerers (Elf:5)
  5 purple draconians
  3 Green Deaths
  10 yellow draconians
  Azrael (D:15)
  4 red draconians
  6 mottled draconians
  7 black draconians
  5 white draconians
  2 vampire knights
  4 Blue Deaths
  An ettin (shapeshifter) (Vault:8)
  49 yaktaur captains
  Snorg (D:16)
  2 deep elf master archers (Elf:5)
  A storm dragon zombie (Crypt:2)
  29 dancing weapons (Blade)
  7 ettins
  24 vault guards (Vault:7)
  2 great orbs of eyes (shapeshifter)
  5 sirens
  37 mummy priests
  14 dragons
  A death ooze (Port)
  A dragon (shapeshifter) (Vault:1)
  The ghost of Pyrusette the Grappler, a powerful TrCK of Xom (Lair:5)
  Josephine (D:12)
  9 death cobs
  3 great orbs of eyes
  2 merfolk aquamancers (Shoals:5)
  Erica (Elf:3)
  Harold (Snake:1)
  3 wizards
  A golden dragon zombie (Port)
  2 merfolk javelineers (Shoals:5)
  An anaconda zombie (Abyss)
  Polyphemus (Shoals:3)
  An anaconda (shapeshifter) (D:24)
  7 ice dragons
  5 deep elf demonologists
  An alligator snapping turtle (Shoals:5)
  Nessos (Vault:1)
  12 hydras
  An anaconda skeleton (Abyss)
  A shadow dragon zombie (Port)
  A golden dragon skeleton (Crypt:2)
  4 rakshasas
  6 anacondas
  8 ogre magi
  5 deep trolls
  7 merfolk impalers
  17 death yaks
  A stone giant zombie (D:19)
  2 deep elf high priests (Elf:5)
  A draconian zombie (Zot:4)
  An iron dragon zombie (Pan)
  2 shadow dragon skeletons (Abyss)
  19 very ugly things
  Nergalle (Elf:3)
  A ball lightning (Tomb:1)
  2 fire giant zombies (Vault:5)
  A ghost moth (shapeshifter) (D:27)
  A vapour (Abyss)
  2 hell hogs (Abyss)
  4 frost giant skeletons
  A ghost moth (Zot:1)
  3 fire giant skeletons
  A sphinx skeleton (Vault:7)
  3 iron golems
  6 orc high priests
  27 centaur warriors
  7 stone giant skeletons
  A dire elephant zombie (Tomb:2)
  Erolcha (Orc:2)
  3 deep dwarf death knights (Abyss)
  39 deep elf knights
  6 griffons
  10 hell knights
  106 skeletal warriors
  A sun demon (Vault:7)
  A giant orange brain (shapeshifter) (Vault:8)
  9 sea snakes
  8 shadow wraiths
  3 giant orange brains
  3 iron trolls
  An alligator snapping turtle zombie (Crypt:2)
  A red draconian zombie (Port)
  17 naga warriors
  A death drake (Abyss)
  5 soul eaters
  An alligator snapping turtle skeleton (Crypt:3)
  A purple draconian zombie (Crypt:5)
  9 unseen horrors
  A green draconian zombie (Abyss)
  2 sea snake zombies
  18 giant amoebae
  12 ice devils
  A vampire mage (Crypt:5)
  A pale draconian zombie (Port)
  2 pale draconian skeletons (Abyss)
  20 flayed ghosts
  A flaming corpse (Vault:8)
  34 orc knights
  25 harpies
  2 green draconian skeletons (Abyss)
  An iron troll zombie (Crypt:5)
  2 grey draconian skeletons
  A red draconian skeleton (Abyss)
  2 siren zombies (Abyss)
  2 hydra zombies
  A purple draconian skeleton (Port)
  A yellow draconian skeleton (Abyss)
  Joseph (D:9)
  Urug (D:14)
  9 necromancers
  12 orc sorcerers
  14 hill giants
  A guardian serpent (Abyss)
  3 crystal golems
  36 large large abominations
  8 shining eyes
  A harpy zombie (Crypt:5)
  A spiny worm (shapeshifter) (D:24)
  5 spiny worms
  2 death drake zombies
  3 shining eyes (shapeshifter)
  2 hellions
  5 Lorocyprocas
  3 iron troll skeletons
  2 dragon zombies
  5 red wasps
  A siren skeleton (Crypt:2)
  20 phantasmal warriors
  A death drake skeleton (Crypt:5)
  A minotaur skeleton (Crypt:5)
  2 ettin zombies
  32 orange demons
  3 cyclopes (shapeshifter)
  2 griffon zombies
  2 fire crabs
  11 ice dragon zombies
  10 reapers
  A trapdoor spider zombie (Tomb:1)
  15 cyclopes
  2 red wasp zombies
  8 spiny frogs
  A moth of wrath (shapeshifter) (Vault:8)
  28 moths of wrath
  8 sixfirhies
  3 weapon mimics
  A wolf spider (shapeshifter) (Elf:3)
  21 black mambas
  3 door mimics
  An elephant slug (Lair:4)
  4 trapdoor spiders
  2 black mamba zombies
  70 slime creatures
  4 elephants (Lair:7)
  3 ettin skeletons
  2 griffon skeletons
  3 wolf spiders
  39 hellwings
  2 hill giant zombies
  4 spiny worm zombies
  2 guardian serpent skeletons (Crypt:1)
  5 tormentors
  2 giant toad zombies
  2 shop mimics
  6 ice dragon skeletons
  2 giant toad skeletons
  7 naga magi
  A spriggan zombie (Crypt:2)
  66 yaktaurs
  Psyche (D:11)
  6 efreeti
  114 guardian mummies
  2 spriggan skeletons
  4 mermaids
  13 rock trolls
  A yaktaur (shapeshifter) (Vault:8)
  5 hill giant skeletons
  6 beasts
  Grinder (D:3)
  A raven zombie (Coc:6)
  Sonja (D:12)
  101 ugly things
  38 smoke demons
  A mermaid (shapeshifter) (D:26)
  4 iron devils
  A komodo dragon (shapeshifter) (Vault:8)
  A wandering mushroom (Vault:2)
  A snapping turtle (shapeshifter) (Hell)
  3 agate snail zombies
  7 silent spectres
  7 trolls
  3 komodo dragons
  4 queen bees
  4 deep troll skeletons
  A rock troll zombie (D:14)
  6 redbacks
  10 two-headed ogres
  9 polar bears (Port)
  3 blink frogs
  4 rock troll skeletons
  12 brown oozes
  14 snapping turtles
  A baby alligator skeleton (Crypt:4)
  A deep dwarf scion (Abyss)
  4 demonic crawlers
  A bumblebee (shapeshifter) (Vault:8)
  A draconian (shapeshifter) (Vault:7)
  A merfolk zombie (Abyss)
  A giant firefly (Port)
  9 hairy devils
  5 bumblebees (D:27)
  13 giant toads
  4 grizzly bears
  2 redback zombies
  A lindwurm zombie (Port)
  2 merfolk skeletons
  A shark (Shoals:4)
  A blink frog zombie (D:14)
  28 deep elf conjurers
  A chaos spawn (Abyss)
  12 blue devils
  A golden eye (Slime:3)
  2 blink frog skeletons
  12 deep elf summoners
  A viper zombie (Crypt:2)
  47 neqoxecs
  A wood golem (D:13)
  18 ynoxinuls
  Eustachio (D:5)
  A hog (D:15)
  4 vipers
  A spiny worm simulacrum (D:21)
  A fire drake (Lair:8)
  57 yaks
  A viper (shapeshifter) (Vault:7)
  A hog zombie (Crypt:2)
  5 vampires
  Grum (D:9)
  2 steam dragons
  5 wyverns
  An elephant skeleton (Abyss)
  10 hippogriffs
  2 komodo dragon zombies (Crypt:2)
  4 yaktaur zombies
  2 shadow demons
  3 fire crab zombies
  28 wraiths
  7 vampire mosquitoes
  2 hog skeletons
  5 elves (shapeshifter)
  8 manticores
  31 merfolk
  7 water elementals
  A mermaid zombie (Crypt:1)
  A fire drake skeleton (Crypt:5)
  54 small abominations
  2 rock worms
  A giant slug zombie (Crypt:2)
  A manticore (shapeshifter) (Vault:8)
  45 deep elf fighters
  A jumping spider zombie (Crypt:5)
  28 freezing wraiths
  7 hungry ghosts
  18 war dogs
  5 mottled dragons
  15 deep elf priests
  4 yaktaur skeletons
  A soldier ant (D:25)
  25 insubstantial wisps
  12 hell hounds
  8 sky beasts
  17 necrophages
  A jumping spider (Port)
  2 black bears
  3 manticore skeletons
  2 cyclops skeletons
  11 phantoms
  A yellow wasp (D:14)
  30 ogres
  95 orc warriors
  9 deep dwarves
  A giant goldfish zombie (Coc:6)
  A redback simulacrum (Vault:2)
  7 red devils
  13 giant goldfish
  A polar bear skeleton (Crypt:5)
  A black bear (shapeshifter) (D:24)
  2 shark zombies (Coc:1)
  4 rotting devils
  A yak zombie (D:12)
  82 nagas
  2 boring beetles
  A giant goldfish skeleton (Coc:6)
  8 ice beasts
  8 wargs
  A wolf zombie (Crypt:5)
  8 crocodiles
  A troll skeleton (D:10)
  2 hippogriff skeletons
  4 boulder beetle zombies
  A yak skeleton (Crypt:1)
  2 lava worms (Hell)
  23 deep elf magi
  12 giant slugs
  A fire crab simulacrum (D:19)
  34 water moccasins
  46 centaurs
  2 giant frog zombies (Crypt:1)
  6 big kobolds
  9 brain worms
  8 elf zombies
  22 giant frogs
  A centaur zombie (Port)
  8 wolves (Port)
  2 wolf skeletons
  A yellow wasp zombie (D:14)
  A tarantella (Port)
  A giant slug (shapeshifter) (Vault:8)
  3 gila monsters
  A silver statue (Port)
  2 soldier ant zombies
  A water moccasin skeleton (D:6)
  2 two-headed ogre zombies
  2 giant frog skeletons
  A warg zombie (Vault:1)
  2 water moccasin zombies
  A boring beetle zombie (Vault:4)
  2 cyclops simulacra
  4 boulder beetles
  5 electric eels (Hell)
  10 eyes of draining
  9 jellyfish
  2 killer bee zombies
  7 agate snails
  57 wights
  An ogre zombie (Crypt:1)
  A dwarf zombie (Crypt:3)
  3 big fish
  A demigod zombie (Coc:3)
  A felid skeleton (Crypt:2)
  175 killer bees
  A lava snake (Hell)
  9 fire bats (Abyss)
  3 gila monster zombies
  13 imps
  A goliath beetle (D:10)
  3 big kobold skeletons
  A crocodile skeleton (Crypt:1)
  2 demigod skeletons
  5 big kobold zombies
  A deep dwarf skeleton (Crypt:1)
  A gila monster skeleton (Vault:4)
  A hound zombie (D:7)
  A water moccasin simulacrum (Crypt:4)
  37 iron imps
  5 scorpions
  A spider zombie (Crypt:4)
  A dwarf skeleton (Coc:6)
  12 hounds
  23 shadows
  Crazy Yiuf (D:2)
  4 iguanas
  40 orc priests
  41 orc wizards
  2 hound skeletons (D:8)
  14 worker ants
  50 deep elf soldiers
  3 worker ant zombies
  23 spiders
  3 swamp drake zombies
  3 orange rats
  An orange rat zombie (Crypt:2)
  12 sheep
  A steam dragon zombie (Tomb:1)
  13 spectral orcs (Elf:3)
  A worker ant skeleton (Crypt:5)
  Jessica (D:2)
  3 boggarts (Vault:1)
  An orange rat skeleton (Crypt:4)
  11 jellies
  4 goliath beetle zombies
  A goliath beetle skeleton (Crypt:5)
  55 mummies
  86 flying skulls
  6 gnolls
  39 lemures
  A scorpion zombie (D:6)
  38 snakes
  3 giant centipede zombies
  33 green rats
  39 midges
  A sheep skeleton (Crypt:5)
  A giant centipede (Lair:1)
  A halfling skeleton (Crypt:2)
  A porcupine zombie (Crypt:5)
  A snake skeleton (Tomb:1)
  45 white imps
  2 elf skeletons
  4 giant mites
  4 iguana skeletons
  A porcupine skeleton (Crypt:1)
  3 shadow imps
  84 ufetubi
  4 worms
  7 grey rats
  5 porcupines
  9 giant eyeballs
  A green rat zombie (Coc:2)
  A megabat simulacrum (Port)
  3 megabat skeletons
  A megabat zombie (Crypt:5)
  8 giant geckos
  A giant mite zombie (Crypt:5)
  2 gnoll zombies
  5 oozes
  272 orcs
  32 goblins
  24 hobgoblins
  28 jackals
  10 quokkas
  10 giant cockroaches
  2 giant gecko zombies
  13 giant newts
  A giant newt skeleton (Coc:1)
  A goblin skeleton (Crypt:5)
  3 goblin zombies
  A grey rat zombie (Coc:6)
  3 hobgoblin skeletons
  A hobgoblin zombie (Crypt:5)
  8 human zombies
  17 illusory rakshasas
  A jackal zombie (D:12)
  47 killer bee larvae
  49 kobolds
  A kobold skeleton (D:4)
  3 kobold zombies (Port)
  49 megabats
  3 orc skeletons
  13 orc zombies
  A quokka skeleton (Crypt:5)
  A quokka zombie (D:6)
  41 rats
  6 small snakes
  A small snake skeleton (Crypt:5)
  A small snake zombie (Crypt:5)
  2 ballistomycetes (D:13)
  4 butterflies
  2 fungi (Lair:6)
  A plant (Lair:1)
  7 tentacles
  162 toadstools
5059 creatures vanquished.

Vanquished Creatures (collateral kills)
  A frost giant (Port)
  A Balrug (Lair:4)
  Gastronok (Lair:6)
  2 hydras
  A death yak (Port)
  A sun demon (Lair:8)
  An orc knight (Port)
  An elephant slug (Lair:6)
  An orange demon (Lair:8)
  5 hellwings (Lair:8)
  A smoke demon (Lair:8)
  4 polar bears (Port)
  A giant toad (Lair:6)
  3 yaks (Port)
  2 red devils (Lair:8)
  3 orc warriors (Port)
  A rotting devil (Lair:8)
  A porcupine (Lair:4)
  A megabat (Lair:1)
32 creatures vanquished.

Vanquished Creatures (others)
  An eldritch tentacle (Coc:2)
  A lich (Abyss)
  A deep elf knight (Elf:4)
  The ghost of Arnos the Conjurer, an experienced DEWz of Sif Muna (Port)
  An ettin zombie (Tomb:2)
  A rock troll (Port)
  A troll (Port)
  A large large abomination (Abyss)
  2 guardian mummies
  22 slime creatures
  2 ugly things (Vault:5)
  A polar bear (Port)
  A deep elf conjurer (Elf:2)
  3 deep elf fighters
  A komodo dragon zombie (Crypt:5)
  2 necrophages
  3 orc warriors
  A yak zombie (Crypt:5)
  A centaur (D:13)
  An ogre (Lair:1)
  3 small abominations
  9 wolves (Port)
  A deep elf mage (Elf:4)
  6 humans
  An iron imp (Pan)
  An orc wizard (D:13)
  A boggart (Vault:1)
  2 mummies (Tomb:2)
  An orc priest (Orc:4)
  A midge (Abyss)
  A snake (Snake:3)
  A giant mite (Lair:3)
  A green rat (Tomb:1)
  2 grey rats (Tomb:1)
  8 orcs
  A giant cockroach (D:2)
  A hobgoblin (D:11)
  A quokka (D:12)
  A giant newt (D:2)
  A giant spore (D:13)
  A goblin (D:2)
  A kobold (D:2)
  A megabat (D:2)
  4 rats
  A small snake (D:2)
  A bush (Lair:8)
  22 butterflies
  66 eldritch tentacle segments (Coc:2)
  11 fungi
  7 plants
  8 tentacles
  122 tentacle segments
  526 toadstools
863 creatures vanquished.

Grand Total: 5954 creatures vanquished

Notes
Turn   | Place    | Note
--------------------------------------------------------------
     0 | D:1      | Jordan7hm, the Demonspawn Berserker, began the quest for the Orb.
     0 | D:1      | Reached XP level 1. HP: 15/15 MP: 0/0
   238 | D:2      | Noticed an imp
   689 | D:1      | Gained mutation: You are partially covered in colourless scales (AC +1).
   689 | D:1      | Gained mutation: You are mostly covered in icy blue scales (AC +2, EV -1).
   689 | D:1      | Reached XP level 2. HP: 21/21 MP: 1/1
   944 | D:1      | Acquired Trog's second power
  1608 | D:2      | Reached XP level 3. HP: 24/27 MP: 2/2
  1760 | D:2      | Noticed Jessica
  1767 | D:2      | Defeated Jessica
  1906 | D:2      | Noticed Crazy Yiuf
  1915 | D:2      | Defeated Crazy Yiuf
  1915 | D:2      | Gained mutation: Your flesh is cold resistant.
  1915 | D:2      | Gained mutation: You are completely covered in icy blue scales (AC +3, EV -1, rC+).
  1915 | D:2      | Reached XP level 4. HP: 33/33 MP: 3/3
  2082 | D:3      | Reached skill level 1 in Shields
  2666 | D:4      | Found a staircase to the Ecumenical Temple.
  2731 | D:4      | Found a glowing drain.
  2765 | D:4      | Gained mutation: You are very good at protecting items from cold.
  2765 | D:4      | Reached XP level 5. HP: 40/40 MP: 4/4
  2776 | D:4      | Reached skill level 4 in Fighting 2806
                  | sewer
                  | Entered the sewers 2978
                  | sewer
                  | Reached XP level 6. HP: 46/46 MP: 5/5 3052
                  | sewer
                  | Found a white marble altar of Elyvilon.
  3399 | D:4      | Noticed Grinder
  3427 | D:3      | Paralysed by Grinder for 6 turns
  3492 | D:3      | Paralysed by Grinder for 2 turns
  3546 | D:3      | Defeated Grinder
  3546 | D:3      | Gained mutation: You have large cloven feet.
  3546 | D:3      | Gained mutation: You sometimes regain a little magical energy from taking damage.
  3546 | D:3      | Reached XP level 7. HP: 53/53 MP: 6/6
  3771 | D:5      | Entered Level 5 of the Dungeon
  3960 | D:5      | Reached skill level 1 in Evocations
  4068 | D:5      | Reached skill level 5 in Fighting
  4131 | D:5      | Acquired Trog's third power
  4158 | D:5      | Found a burning altar of Makhleb.
  4310 | D:5      | Noticed Eustachio
  4337 | D:5      | Reached XP level 8. HP: 56/61 MP: 7/7
  4769 | D:5      | Found an ancient bone altar of Kikubaaqudgha.
  4907 | D:6      | Reached skill level 1 in Unarmed Combat
  4924 | D:6      | Reached skill level 1 in Long Blades
  5007 | D:5      | Gained mutation: You passively map a small area around you.
  5008 | D:5      | Gained mutation: Your muscles are flexible, but weak (Str -1, Dex +1).
  5009 | D:5      | Gained mutation: You have a fast metabolism.
  5054 | D:5      | Reached skill level 6 in Fighting
  5057 | D:5      | Defeated Eustachio
  5064 | D:5      | Reached skill level 5 in Shields
  5221 | D:6      | Reached skill level 1 in Stealth
  5858 | D:6      | Found a sand-covered staircase. 5868
                  | ossuary
                  | Entered a tomb 5973
                  | ossuary
                  | Gained mutation: You resist negative energy. 5973
                  | ossuary
                  | Gained mutation: You are quite resistant to negative energy. 5973
                  | ossuary
                  | Reached XP level 9. HP: 48/69 MP: 8/8
  6667 | D:7      | Gained mutation: You are agile (Dex +1).
  7120 | D:8      | Found a staircase to the Lair.
  7294 | D:8      | Lost mutation: You passively map a small area around you.
  7628 | D:8      | Lost mutation: Your muscles are flexible, but weak (Str -1, Dex +1).
  7689 | D:8      | Found a flagged portal. 7703
                  | bailey
                  | Entered the bailey 7717
                  | bailey
                  | Gained mutation: You can spit poison. 7717
                  | bailey
                  | Gained mutation: Your system is resistant to poisons. 7718
                  | bailey
                  | Gained mutation: You have very sharp teeth. 7719
                  | bailey
                  | Gained mutation: Your mind is acute (Int +1). 7719
                  | bailey
                  | Gained mutation: Your muscles are strong, but stiff (Str +1, Dex -1). 7719
                  | bailey
                  | Gained mutation: Armour fits poorly on your unusually shaped body. 7769
                  | bailey
                  | Reached XP level 10. HP: 62/76 MP: 9/9 7784
                  | bailey
                  | Gained mutation: Your muscles are strong (Str +1). 7786
                  | bailey
                  | Lost mutation: Armour fits poorly on your unusually shaped body. 7786
                  | bailey
                  | Lost mutation: You have a fast metabolism. 7786
                  | bailey
                  | Lost mutation: Your muscles are strong (Str +1). 7786
                  | bailey
                  | Lost mutation: Your mind is acute (Int +1). 7786
                  | bailey
                  | Lost mutation: You can spit poison. 7786
                  | bailey
                  | Lost mutation: You are agile (Dex +1). 7903
                  | bailey
                  | Found a roughly hewn altar of Beogh. 7930
                  | bailey
                  | Got a fine executioner's axe 8013
                  | bailey
                  | Identified the executioner's axe "Demonspawn's Foe" {antimagic, rC+ Stlth++} (You found it in the bailey)
  8262 | D:9      | Reached skill level 5 in Long Blades
  8281 | D:9      | Reached skill level 5 in Dodging
  8328 | D:9      | Reached skill level 7 in Fighting
  8408 | D:9      | Noticed Joseph
  8409 | D:9      | Noticed Grum
  8489 | D:9      | Defeated Joseph
  8506 | D:9      | Defeated Grum
  9142 | D:8      | Identified 2 scrolls of acquirement
  9147 | D:8      | Identified a +0 cloak of preservation (You acquired it on level 8 of the Dungeon)
  9171 | D:8      | Got a slimy cloak
  9175 | D:8      | Identified the -3 cloak of Misanthropy (You acquired it on level 8 of the Dungeon)
  9180 | D:9      | Reached skill level 8 in Fighting
  9287 | Lair:1   | Entered Level 1 of the Lair of Beasts
  9506 | Lair:1   | Reached skill level 5 in Unarmed Combat
  9606 | Lair:1   | Got a jewelled ring mail
  9829 | Lair:1   | Identified the +1 ring mail of Nadd (You found it on level 1 of the Lair of Beasts)
  9859 | Lair:1   | Reached skill level 5 in Armour
  9862 | Lair:1   | Reached XP level 11. HP: 66/87 MP: 10/10
 10094 | Lair:1   | Found a crumbling entrance.
 10118 | Spider   | Entered a spider's nest
 10578 | Spider   | Reached skill level 9 in Fighting
 10862 | Spider   | Got an ancient sabre
 10863 | Spider   | Identified the cursed sabre of Eternity {slice, rC+} (You found it in a spider's nest)
 11195 | Lair:1   | Reached skill level 1 in Stabbing
 12005 | Lair:2   | Found a frozen archway.
 12026 | IceCv    | Entered an ice cave
 12032 | IceCv    | Defeated Arnos' ghost
 12651 | IceCv    | Reached skill level 10 in Long Blades
 13306 | IceCv    | Gained mutation: You are immune to negative energy.
 13306 | IceCv    | Reached XP level 12. HP: 96/96 MP: 11/11
 13711 | Lair:2   | Reached skill level 11 in Long Blades
 14187 | Lair:2   | Received a gift from Trog
 14353 | Lair:2   | Got an ichor-stained ring mail
 14371 | Lair:2   | Identified the cursed -1 ring mail "Haitebur" (You found it on level 2 of the Lair of Beasts)
 15373 | Lair:3   | Found a staircase to the Snake Pit.
 15623 | Lair:3   | Found a staircase to the Shoals.
 15727 | Lair:3   | Received a gift from Trog
 16599 | Lair:4   | Reached skill level 10 in Fighting
 17074 | Lair:4   | Received a gift from Trog
 17075 | Lair:4   | Got a twisted crossbow {god gift}
 17773 | Lair:5   | Noticed Pyrusette's ghost (powerful TrCK)
 17784 | Lair:5   | Defeated Pyrusette's ghost
 18028 | Lair:5   | Reached skill level 1 in Maces & Flails
 18325 | Lair:5   | Reached skill level 12 in Long Blades
 18406 | Lair:5   | Gained mutation: You sometimes regain magical energy from taking damage.
 18406 | Lair:5   | Reached XP level 13. HP: 95/105 MP: 12/12
 19196 | Lair:6   | Noticed Rupert
 19202 | Lair:6   | Paralysed by Rupert for 4 turns
 19212 | Lair:6   | Paralysed by Rupert for 6 turns
 19231 | Lair:6   | Defeated Rupert
 19231 | Lair:6   | Received a gift from Trog
 19485 | Lair:6   | Reached skill level 10 in Unarmed Combat
 19919 | Lair:6   | Noticed Gastronok
 19926 | Lair:6   | Defeated Gastronok
 20056 | Lair:6   | Reached skill level 1 in Spellcasting
 20188 | Lair:7   | Reached skill level 10 in Shields
 20269 | Lair:7   | Gained mutation: You are agile (Dex +1).
 20359 | Lair:7   | Found an ancient bone altar of Kikubaaqudgha.
 21341 | Lair:8   | Entered Level 8 of the Lair of Beasts
 21387 | Lair:8   | Reached skill level 10 in Dodging
 22004 | Lair:8   | Found a staircase to the Slime Pits.
 22012 | Lair:8   | Reached skill level 13 in Long Blades
 22141 | Lair:8   | Reached XP level 14. HP: 113/113 MP: 13/16
 22862 | Lair:8   | Reached skill level 1 in Traps & Doors
 22863 | Lair:8   | Found a burning altar of Makhleb.
 22875 | Lair:8   | Received a gift from Trog
 22885 | Lair:8   | Found a gateway to Hell.
 23669 | D:8      | Reached skill level 5 in Evocations
 23836 | D:9      | Found a bloodstained altar of Trog.
 24203 | D:10     | Entered Level 10 of the Dungeon
 24528 | D:10     | Got a distressingly furry leather armour
 24538 | D:10     | Identified the cursed -3 leather armour "Pnefeam" (You found it on level 10 of the Dungeon)
 24637 | D:10     | Got a brightly glowing glaive
 24709 | D:10     | Noticed a troll skeleton
 24713 | D:10     | Defeated a troll skeleton
 24732 | D:10     | Found an ancient bone altar of Kikubaaqudgha.
 24843 | D:11     | Found a flickering gateway to a bazaar. 24873
                  | bazaar
                  | Entered a bazaar 24887
                  | bazaar
                  | Found Phyudous' Jewellery Shoppe. 24936
                  | bazaar
                  | Found Cyvoson's Book Shoppe. 24981
                  | bazaar
                  | Found Faselo's Magic Scroll Shoppe. 25025
                  | bazaar
                  | Found Thrantijop's Magical Wand Boutique. 25133
                  | bazaar
                  | Bought a book of Power for 450 gold pieces 25164
                  | bazaar
                  | Bought a scroll of identify for 16 gold pieces 25164
                  | bazaar
                  | Bought a scroll of curse weapon for 1 gold piece 25164
                  | bazaar
                  | Bought a scroll of curse armour for 1 gold piece 25164
                  | bazaar
                  | Bought a scroll of blinking for 24 gold pieces 25164
                  | bazaar
                  | Bought a scroll of recharging for 40 gold pieces 25208
                  | bazaar
                  | Bought a wand of invisibility (1) for 193 gold pieces
 25522 | D:11     | Paralysed by a giant eyeball for 4 turns
 25539 | D:11     | Noticed a queen bee
 25574 | D:11     | Defeated a queen bee
 25574 | D:11     | Received a gift from Trog
 25634 | D:11     | Found a staircase to the Hive.
 25955 | D:11     | Noticed Psyche
 25959 | D:11     | Defeated Psyche
 27223 | D:2      | Fell from the grace of Trog
 27223 | D:2      | Was placed under penance by Trog
 27335 | D:2      | Noticed a stone giant
 28455 | D:2      | Noticed a stone giant
 34275 | D:2      | Noticed a rock worm
 34400 | D:3      | Defeated a rock worm
 36360 | D:2      | Noticed an efreet
 36460 | D:2      | Defeated an efreet
 65878 | D:2      | Was forgiven by Trog
 66345 | Lair:1   | Learned a level 1 spell: Freeze
 66349 | Lair:1   | Learned a level 1 spell: Magic Dart
 66352 | Lair:1   | Learned a level 2 spell: Blink
 66533 | Temple   | Entered the Ecumenical Temple
 66620 | Temple   | Became a worshipper of Vehumet
 67012 | D:12     | Noticed Jozef
 67026 | D:12     | Defeated Jozef
 67071 | D:12     | Reached skill level 14 in Long Blades
 67301 | D:12     | Found a white marble altar of Elyvilon.
 67325 | D:12     | Noticed Sonja
 67348 | D:12     | Defeated Sonja
 67375 | D:12     | Acquired Vehumet's first power
 67418 | D:12     | Noticed Josephine
 67429 | D:12     | Defeated Josephine
 67866 | D:8      | Found a staircase to the Orcish Mines.
 68691 | Orc:1    | Entered Level 1 of the Orcish Mines
 68954 | Orc:1    | Acquired Vehumet's second power
 69340 | Orc:2    | Noticed Erolcha
 69353 | Orc:2    | Defeated Erolcha
 69553 | Orc:3    | Acquired Vehumet's third power
 69951 | Orc:4    | Entered Level 4 of the Orcish Mines
 70052 | Orc:4    | Found Qaoneh's Weapon Boutique.
 70194 | Orc:4    | Found Pnaugeil's Weapon Shoppe.
 70218 | Orc:4    | Noticed an orc high priest
 70225 | Orc:4    | Noticed an orc high priest
 70238 | Orc:4    | Noticed an orc high priest
 70279 | Orc:3    | Acquired Vehumet's fourth power
 70542 | Orc:3    | Found a staircase to the Elven Halls.
 70674 | Orc:3    | Found a roughly hewn altar of Beogh.
 70682 | Orc:3    | Gained mutation: A frigid envelope surrounds you and freezes all who hurt you.
 70682 | Orc:3    | Reached XP level 15. HP: 93/119 MP: 17/17
 71245 | Orc:4    | Defeated an orc high priest
 71525 | Orc:4    | Defeated an orc high priest
 71685 | Orc:4    | Defeated an orc high priest
 72022 | Orc:4    | Found Kiot's Antique Armour Shoppe.
 72027 | Orc:4    | Found Liatoen's Jewellery Boutique.
 72030 | Orc:4    | Bought a runed shield for 126 gold pieces
 72032 | Orc:4    | Found Kadul's Book Boutique.
 72051 | Orc:4    | Bought a book of Cantrips for 300 gold pieces
 72054 | Orc:4    | Learned a level 1 spell: Apportation
 72247 | Elf:1    | Entered Level 1 of the Elven Halls
 72824 | Elf:1    | Found Shaol's Armour Emporium.
 72902 | Elf:1    | Found a radiant altar of Vehumet.
 73215 | Elf:1    | Reached skill level 1 in Ice Magic
 73276 | Elf:1    | Reached skill level 1 in Conjurations
 73282 | Elf:1    | Found Xar Udug's Assorted Antiques.
 73488 | Elf:1    | Bought a thin platinum amulet for 155 gold pieces
 73488 | Elf:1    | Bought a scroll of identify for 62 gold pieces
 73586 | Elf:1    | Found Two Skac's Food Shoppe.
 73656 | Elf:1    | Found Gaaduimp's General Store.
 73660 | Elf:1    | Bought a wand of healing (3) for 489 gold pieces
 73841 | Elf:1    | Learned a level 1 spell: Summon Small Mammals
 74128 | Elf:2    | Got a faintly humming robe
 74129 | Elf:2    | Identified the +2 robe "Riry" (You found it on level 2 of the Elven Halls)
 74157 | Elf:2    | Reached skill level 1 in Translocations
 74544 | Elf:2    | Found a radiant altar of Vehumet.
 74581 | Elf:2    | Noticed an orc knight
 74606 | Elf:2    | Defeated an orc knight
 74803 | Elf:3    | Noticed Nergalle
 75658 | Elf:3    | Noticed Erica
 75671 | Elf:3    | Defeated Erica
 76494 | Elf:3    | Received a gift from Vehumet
 76550 | Elf:3    | Learned a level 2 spell: Throw Frost
 76581 | Elf:3    | Found a portal to a secret trove of treasure.
 76640 | Elf:3    | Defeated Nergalle
 76754 | Elf:3    | Reached skill level 5 in Stealth
 76961 | Elf:4    | Gained mutation: You sometimes regain a lot of magical energy from taking damage.
 76961 | Elf:4    | Reached XP level 16. HP: 125/129 MP: 20/20
 76983 | Elf:5    | Entered Level 5 of the Elven Halls
 77216 | Elf:5    | Got a vibrating cloak
 77503 | Elf:5    | Found a deep blue altar of Sif Muna.
 77596 | Elf:5    | Identified the +3 cloak of Flash (You found it on level 5 of the Elven Halls)
 78977 | Snake:1  | Entered Level 1 of the Snake Pit
 79030 | Snake:1  | Noticed Donald
 79041 | Snake:1  | Defeated Donald
 79169 | Snake:1  | Noticed Harold
 79185 | Snake:1  | Defeated Harold
 80010 | Snake:2  | Reached skill level 5 in Ice Magic
 80409 | Snake:2  | Found Yntem's Food Shop.
 82000 | Snake:5  | Entered Level 5 of the Snake Pit
 82799 | Snake:5  | Received a gift from Vehumet
 82803 | Snake:5  | Learned a level 1 spell: Summon Butterflies
 83561 | Snake:5  | Noticed Agnes
 83578 | Snake:5  | Defeated Agnes
 83578 | Snake:5  | Reached XP level 17. HP: 67/139 MP: 23/23
 84039 | Snake:5  | Got a serpentine rune of Zot
 84507 | Lair:1   | Learned a level 4 spell: Iskenderun's Mystic Blast
 85211 | D:13     | Found a blossoming altar of Fedhas.
 85431 | D:13     | Gained mutation: Your muscles are strong (Str +1).
 85613 | D:13     | Found a flagged portal. 85621
                  | bailey
                  | Entered the bailey
 85972 | D:14     | Noticed Urug
 85991 | D:14     | Defeated Urug
 86193 | D:14     | Noticed Nikola
 86593 | Hive:1   | Entered Level 1 of the Hive
 86680 | Hive:1   | Received a gift from Vehumet
 86728 | Hive:2   | Entered Level 2 of the Hive
 88188 | D:14     | Got a distressingly furry leather armour
 88251 | D:14     | Reached skill level 5 in Conjurations
 88672 | D:14     | Defeated Nikola
 88685 | D:14     | Identified a +1 cloak of preservation (You took it off Nikola on level 14 of the Dungeon)
 88695 | D:14     | Identified the cursed +0 leather armour of Geusim (You found it on level 14 of the Dungeon)
 88965 | D:15     | Entered Level 15 of the Dungeon
 88975 | D:15     | Noticed Kirke
 88991 | D:15     | Defeated Kirke
 89245 | D:15     | Received a gift from Vehumet
 89284 | D:15     | Learned a level 3 spell: Abjuration
 89405 | D:15     | Noticed Azrael
 89616 | D:15     | Found Kilewk's Distillery.
 90029 | D:15     | Defeated Azrael
 90572 | D:15     | Noticed an orc sorcerer
 90579 | D:15     | Defeated an orc sorcerer
 90776 | D:16     | Noticed Snorg
 90793 | D:16     | Defeated Snorg
 90968 | D:16     | Found a staircase to the Vaults.
 92276 | Vault:1  | Entered Level 1 of the Vaults
 92424 | Vault:1  | Gained mutation: You have hoof-like feet.
 92424 | Vault:1  | Reached XP level 18. HP: 125/145 MP: 16/26
 92561 | Vault:1  | Found Ovorph's Armour Shoppe.
 92566 | Vault:1  | Received a gift from Vehumet
 92661 | Vault:1  | Noticed Nessos
 92668 | Vault:1  | Defeated Nessos
 93901 | Vault:2  | Got a smoking leather armour
 93902 | Vault:2  | Identified the +3 leather armour "Lonleerph" (You found it on level 2 of the Vaults)
 94460 | Vault:2  | Found Gikoast's Magic Scroll Shoppe.
 94469 | Vault:2  | Bought a scroll of enchant weapon III for 340 gold pieces
 95031 | Vault:3  | Found Uviukhov's Antique Armour Shoppe.
 95038 | Vault:3  | Bought a slimy helmet for 217 gold pieces
 95039 | Vault:3  | Identified the +2 helmet of Pragmatism (You bought it in a shop on level 3 of the Vaults)
 95090 | Vault:3  | Found Birphanocs' Book Shop.
 95376 | Vault:3  | Found Trexzot's Antique Armour Emporium.
 95393 | Vault:3  | Bought a steaming cloak for 252 gold pieces
 95393 | Vault:3  | Bought a glowing robe for 29 gold pieces
 95394 | Vault:3  | Identified the +1 cloak of Faogept (You bought it in a shop on level 3 of the Vaults)
 95717 | Vault:4  | Found a staircase to the Crypt.
 95876 | Vault:4  | Noticed a deep elf summoner
 95882 | Vault:4  | Noticed a deep elf mage
 95882 | Vault:4  | Defeated a deep elf summoner
 95888 | Vault:4  | Defeated a deep elf mage
 97460 | Vault:5  | Reached XP level 19. HP: 129/156 MP: 27/27
 98772 | Lair:1   | Learned a level 6 spell: Bolt of Cold
 98822 | Shoals:1 | Entered Level 1 of the Shoals
 99955 | Shoals:3 | Noticed Polyphemus
 99976 | Shoals:3 | Defeated Polyphemus
100149 | Shoals:3 | Reached skill level 5 in Spellcasting
101124 | Shoals:5 | Entered Level 5 of the Shoals
102011 | Shoals:5 | Got a barnacled rune of Zot
102602 | Shoals:5 | Noticed Ilsuiw
102892 | Shoals:5 | Learned a level 2 spell: Swiftness
104080 | Crypt:1  | Entered Level 1 of the Crypt
104851 | Crypt:1  | Gained mutation: You have hooves in place of feet.
104851 | Crypt:1  | Reached XP level 20. HP: 154/163 MP: 29/29
105826 | Crypt:2  | Reached skill level 5 in Translocations
106423 | Crypt:2  | Noticed a reaper
106426 | Crypt:2  | Defeated a reaper
106436 | Crypt:2  | Found a staircase to the Tomb.
107479 | Crypt:4  | Found an ancient bone altar of Kikubaaqudgha.
107982 | Crypt:5  | Entered Level 5 of the Crypt
108002 | Crypt:5  | Noticed Mennas
108511 | Crypt:5  | Got a bone long sword
108512 | Crypt:5  | Identified the +9,+9 Sword of Zonguldrok (You found it on level 5 of the Crypt)
108610 | Crypt:5  | Noticed a lich
109253 | Vault:5  | Reached skill level 15 in Fighting
109524 | Vault:6  | Found a staircase to the Hall of Blades.
109728 | Vault:6  | Noticed a deep elf summoner
109733 | Vault:6  | Defeated a deep elf summoner
110696 | Vault:7  | Found Daapraete's Armour Shoppe.
110753 | Vault:7  | Reached skill level 10 in Conjurations
110757 | Vault:7  | Reached XP level 21. HP: 133/174 MP: 20/29
111104 | Vault:7  | Found a bloodstained altar of Trog.
111871 | Lair:1   | Learned a level 2 spell: Repel Missiles
112016 | D:11     | Reached skill level 5 in Stabbing
112467 | D:17     | Noticed Roxanne
112494 | D:17     | Defeated Roxanne
112496 | D:17     | Got a black book
112497 | D:17     | Identified Roxanne's Papyrus of Dusty Transformation (You took it off Roxanne on level 17 of the Dungeon)
112599 | D:18     | Noticed Frances
112601 | D:18     | Noticed Wiglaf
112617 | D:18     | Defeated Frances
112644 | D:18     | Defeated Wiglaf
112977 | D:18     | Noticed Aizul
112995 | D:18     | Defeated Aizul
113887 | D:19     | Noticed Saint Roka
113917 | D:19     | Defeated Saint Roka
115069 | D:20     | Entered Level 20 of the Dungeon
115117 | D:20     | Found Ediawnuw's General Store.
115126 | D:20     | Bought a scroll of enchant weapon I for 96 gold pieces
115126 | D:20     | Bought a scroll of enchant weapon I for 96 gold pieces
115178 | D:20     | Noticed Margery
115258 | D:20     | Noticed Frederick
115274 | D:20     | Defeated Frederick
116024 | Vault:7  | Bought the +3 leather armour "Zireifal" {rElec Dam+3} for 715 gold pieces
116463 | Lair:1   | Learned a level 7 spell: Orb of Destruction
116858 | D:20     | Defeated Margery
117608 | D:21     | Reached XP level 22. HP: 179/179 MP: 31/31
118377 | D:22     | Noticed Xtahua
118400 | D:22     | Defeated Xtahua
118703 | D:22     | Found a one-way gate to the infinite horrors of the Abyss.
119319 | D:23     | Noticed Mara
119319 | D:23     | Noticed a deep elf priest
119334 | D:23     | Noticed Jordan7hm's ghost (great DSBe)
119582 | D:22     | Defeated Mara
119708 | D:23     | Noticed a deep elf mage
119724 | D:23     | Defeated a deep elf mage
119725 | D:23     | Noticed a deep elf conjurer
119726 | D:23     | Noticed a deep elf priest
119747 | D:23     | Defeated a deep elf conjurer
119748 | D:23     | Defeated a deep elf priest
119755 | D:23     | Defeated a deep elf priest
119757 | D:23     | awesome
120112 | D:23     | Noticed a deep elf conjurer
120112 | D:23     | Noticed a deep elf mage
120122 | D:23     | Defeated a deep elf mage
120130 | D:23     | Defeated a deep elf conjurer
120500 | D:24     | Noticed a deep elf mage
120501 | D:24     | Noticed a deep elf conjurer
120523 | D:24     | Defeated a deep elf conjurer
120530 | D:24     | Defeated a deep elf mage
120639 | D:24     | Reached skill level 15 in Unarmed Combat
121782 | D:24     | Found a one-way gate leading to the halls of Pandemonium.
121839 | D:24     | A boulder beetle changed into a shining eye
121842 | D:24     | Defeated a shining eye
122444 | D:25     | Entered Level 25 of the Dungeon
122458 | Hell     | Entered the Vestibule of Hell
122458 | Hell     | Noticed Geryon
124822 | Vault:8  | Entered Level 8 of the Vaults
124863 | Vault:7  | Reached XP level 23. HP: 103/185 MP: 32/32
125564 | Vault:8  | A merfolk changed into a shining eye
125827 | Vault:8  | A shining eye changed into a lindwurm
126236 | Vault:8  | Reached skill level 16 in Fighting
126241 | Vault:8  | Reached skill level 1 in Air Magic
126599 | Vault:8  | Reached skill level 1 in Charms
127097 | Vault:8  | Reached skill level 1 in Summonings
127261 | Vault:8  | Noticed an ancient lich
127285 | Vault:8  | Defeated an ancient lich
127306 | Vault:8  | Got an antique book
127311 | Vault:8  | Identified Iskenderun's Catalogue of Conjuration (You found it on level 8 of the Vaults)
128309 | Vault:8  | Got a pair of pitted gloves
128319 | Vault:8  | Identified the +2 pair of gloves of Grot (You found it on level 8 of the Vaults)
128736 | Vault:8  | Learned a level 3 spell: Regeneration
128737 | Vault:8  | Got a glittering marble ring
128752 | Vault:8  | Noticed a deep elf death mage
128781 | Vault:8  | Defeated a deep elf death mage
128803 | Vault:8  | A cyclops changed into a shining eye
128806 | Vault:8  | Defeated a shining eye
128814 | Vault:8  | Got a glittering turquoise ring
128817 | Vault:8  | Identified the ring "Viygan" (You found it on level 8 of the Vaults)
128819 | Vault:8  | Identified the ring of Law (You found it on level 8 of the Vaults)
129115 | Vault:8  | Got a silver rune of Zot
129935 | Vault:8  | Reached XP level 24. HP: 164/193 MP: 34/34
130363 | Vault:8  | Noticed a quicksilver dragon
130377 | Vault:8  | Noticed a shining eye
130377 | Vault:8  | A shining eye changed into a snapping turtle
130841 | Vault:8  | Defeated a quicksilver dragon
131253 | Vault:8  | Got a fine buckler
131255 | Vault:8  | Got a jade ring
131757 | Vault:8  | Noticed a quicksilver dragon
131762 | Vault:8  | Noticed a deep elf demonologist
131772 | Vault:8  | Defeated a quicksilver dragon
131783 | Vault:8  | Defeated a deep elf demonologist
132355 | Lair:1   | Identified the cursed -5 buckler of Springtime (You found it on level 8 of the Vaults)
132356 | Lair:1   | Identified the ring of Shaolin (You found it on level 8 of the Vaults)
132877 | Crypt:5  | Defeated Mennas
133558 | Crypt:5  | Found an ancient bone altar of Kikubaaqudgha.
134427 | Crypt:5  | Defeated a lich
134817 | Crypt:5  | Noticed a lich
134827 | Crypt:5  | Defeated a lich
134862 | Crypt:5  | Reached skill level 17 in Fighting
135493 | Tomb:1   | Entered Level 1 of the Tomb of the Ancients
136669 | Tomb:1   | Paralysed by a sphinx for 6 turns
136908 | Tomb:1   | Paralysed by a sphinx for 2 turns
136933 | Tomb:1   | Reached XP level 25. HP: 98/200 MP: 34/36
140677 | Tomb:2   | Gained mutation: Your magical capacity is low (-10% MP).
142215 | Tomb:1   | Reached skill level 10 in Translocations
143270 | Tomb:2   | Gained mutation: Your body is slowly deteriorating.
144562 | Tomb:3   | Entered Level 3 of the Tomb of the Ancients
144684 | Tomb:2   | thank fuck
149549 | Tomb:1   | Reached XP level 26. HP: 183/208 MP: 33/33
149615 | Tomb:1   | Reached skill level 1 in Necromancy
151531 | Elf:5    | Reached skill level 15 in Shields
152004 | Elf:5    | Noticed a deep elf master archer
152018 | Elf:5    | Noticed a deep elf blademaster
152020 | Elf:5    | Defeated a deep elf master archer
152029 | Elf:5    | Defeated a deep elf blademaster
152131 | Elf:5    | Noticed a deep elf blademaster
152146 | Elf:5    | Defeated a deep elf blademaster
152207 | Elf:5    | Noticed a deep elf master archer
152210 | Elf:5    | Reached skill level 5 in Charms
152217 | Elf:5    | Defeated a deep elf master archer
152458 | Elf:5    | Got a twitching bronze ring
152486 | Elf:5    | Got an antique book
152489 | Elf:5    | Identified the Reference Book on Twisted Enchantment (You found it on level 5 of the Elven Halls)
152495 | Elf:5    | Learned a level 5 spell: Phase Shift
152496 | Elf:5    | Identified the ring of a Hundred Moons (You found it on level 5 of the Elven Halls)
152584 | Elf:5    | Got a dazzling ring mail
152585 | Elf:5    | Identified the +0 ring mail of Okawaru (You took it off a deep elf sorcerer on level 5 of the Elven Halls)
153493 | D:25     | Reached skill level 10 in Armour
153556 | D:25     | Noticed a shining eye
153563 | D:25     | Defeated a shining eye
154539 | D:26     | Found Woyv's Assorted Antiques.
155208 | D:27     | Entered Level 27 of the Dungeon
155364 | D:27     | Got a crystal great sword
155365 | D:27     | Identified the -3,+4 great sword "Kopsimm" (You found it on level 27 of the Dungeon)
155558 | D:27     | Reached skill level 18 in Fighting
156209 | Hell     | Defeated Geryon
156636 | D:23     | Noticed a deep elf conjurer
156638 | D:23     | Defeated a deep elf conjurer
156910 | Blade    | Entered the Hall of Blades
157205 | D:8      | Noticed a cyclops
157214 | D:8      | Defeated a cyclops
157349 | Temple   | Fell from the grace of Vehumet
157349 | Temple   | Was placed under penance by Vehumet
157349 | Temple   | Became a worshipper of Ashenzari the Shackled
157969 | Blade    | Reached skill level 10 in Spellcasting
159299 | Lair:1   | Identified the +2 hat of the Bear Spirit {Spirit, +Rage rN+ MR}
159700 | Abyss    | Entered The Abyss
159760 | Abyss    | Reached XP level 27. HP: 215/218 MP: 34/34
159795 | Abyss    | Acquired Ashenzari's first power
159977 | Abyss    | Noticed a wizard
159981 | Abyss    | Defeated a wizard
160208 | Abyss    | Acquired Ashenzari's second power
160365 | Abyss    | Acquired Ashenzari's third power
160481 | Abyss    | Noticed a white draconian monk
160487 | Abyss    | Noticed a tentacled monstrosity
160495 | Abyss    | Defeated a white draconian monk
160515 | Abyss    | Defeated a tentacled monstrosity
160533 | Abyss    | Acquired Ashenzari's fourth power
160634 | Abyss    | Reached skill level 15 in Dodging
160688 | Abyss    | Identified the +6,+2 bow of Fortitude
160853 | Abyss    | Gained mutation: Your magical capacity is very low (-20% MP).
160864 | Abyss    | Lost mutation: You are agile (Dex +1).
160866 | Abyss    | Gained mutation: Your vision is a little blurry.
160897 | Abyss    | Gained mutation: Your vision is quite blurry.
160961 | Abyss    | Noticed an ice beast
160966 | Abyss    | Defeated an ice beast
161060 | Abyss    | Noticed a sky beast
161188 | Abyss    | Noticed a deep dwarf
161192 | Abyss    | Defeated a deep dwarf
161312 | Abyss    | Noticed a vapour
161343 | Abyss    | Defeated a vapour
161459 | Abyss    | Noticed an iron golem
161482 | Abyss    | Defeated an iron golem
161482 | Abyss    | Reduced skill Stabbing to level 5
161510 | Abyss    | Gained mutation: You are frail (-10% HP).
161515 | Abyss    | Noticed a soul eater
161523 | Abyss    | Defeated a soul eater
161551 | Abyss    | Noticed an iron golem
161611 | Abyss    | Noticed an earth elemental
161772 | Abyss    | Noticed a deep dwarf
161773 | Abyss    | Noticed a deep dwarf death knight
161779 | Abyss    | Noticed a deep dwarf death knight
161783 | Abyss    | Noticed a deep dwarf scion
161784 | Abyss    | Defeated a deep dwarf death knight
161786 | Abyss    | Defeated a deep dwarf
161792 | Abyss    | Defeated a deep dwarf death knight
161795 | Abyss    | Defeated a deep dwarf scion
161890 | Abyss    | Lost mutation: Your muscles are strong (Str +1).
162198 | Abyss    | Noticed a flayed ghost
162205 | Abyss    | Defeated a flayed ghost
162387 | Abyss    | Noticed a vampire
162394 | Abyss    | Defeated a vampire
162397 | Abyss    | Reached skill level 19 in Fighting
162461 | Abyss    | Noticed an alligator simulacrum
162536 | Abyss    | Noticed a pale draconian
162552 | Abyss    | Defeated a pale draconian
162693 | Abyss    | Noticed a jelly
162744 | Abyss    | Noticed a brown ugly thing
162748 | Abyss    | Noticed a brown ugly thing
162750 | Abyss    | Noticed a brown ugly thing
162863 | Abyss    | Gained mutation: Your magical capacity is extremely low (-30% MP).
162959 | Abyss    | Noticed a flayed ghost
162962 | Abyss    | Defeated a flayed ghost
163040 | Abyss    | Reduced skill Stabbing to level 1
163074 | Abyss    | Noticed a white ugly thing
163091 | Abyss    | Defeated a white ugly thing
163107 | Abyss    | Identified an abyssal rune of Zot
163233 | D:22     | You pass through the gate.
163236 | D:22     | Identified the +1,+2 war axe "Gruqaupt" {elec, Str+2}
163236 | D:22     | Identified the cursed +3,+5 scythe "Finisher" {speed, Str+3} (You found it on level 5 of the Elven Halls)
163236 | D:22     | Identified the +27,-1 knife of Accuracy (You found it on level 5 of the Elven Halls)
163236 | D:22     | Identified the cursed -5,-4 hammer "Dichupn" {freeze, +Rage rElec rF+} (You took it off a deep elf high priest on level 5 of the Elven Halls)
163236 | D:22     | Identified the +0,+6 glaive of Doubt {freeze, rF++} (You found it on level 10 of the Dungeon)
163236 | D:22     | Identified the +1,+4 crossbow of Extermination {god gift, speed, +Lev rPois} (Trog gifted it to you on level 4 of the Lair of Beasts)
163236 | D:22     | Identified the cursed -5,+0 battleaxe "Arbiter" {speed, +Lev rElec Dex+1}
163236 | D:22     | Identified the +4,+3 hammer "Ikkapt" {flame, +Blink rElec rF+ SInv} (You found it on level 2 of the Hive)
163236 | D:22     | Identified the +8,+6 war axe of Doubt {freeze, rF+ rC+} (You took it off a yaktaur on level 8 of the Vaults)
163236 | D:22     | Identified the +2,+5 trident of Bread {slay orc, +Blink Str+2 Int+3} (You found it on level 8 of the Vaults)
163236 | D:22     | Identified the cursed +0,-2 mace of Virtue {slay orc, rElec rN+} (You found it on level 8 of the Vaults)
163236 | D:22     | Identified the +5,+3 morningstar "Targhewu" {pierce, rN+} (You found it on level 2 of the Crypt)
163752 | Orc:4    | Bought a book of the Warp for 1350 gold pieces
163761 | Orc:4    | Learned a level 7 spell: Controlled Blink
163769 | Orc:4    | Bought the amulet of Wishful Thinking {cFly rElec rPois rN+ MR Dex+3} for 1461 gold pieces
164020 | Lair:1   | Lost mutation: Your vision is quite blurry.
164020 | Lair:1   | Lost mutation: Your muscles are strong, but stiff (Str +1, Dex -1).
164020 | Lair:1   | Lost mutation: You are frail (-10% HP).
164020 | Lair:1   | Lost mutation: Your vision is a little blurry.
164020 | Lair:1   | Lost mutation: You have very sharp teeth.
164024 | Lair:1   | Lost mutation: Your system is resistant to poisons.
164024 | Lair:1   | Lost mutation: Your body is slowly deteriorating.
164024 | Lair:1   | Lost mutation: Your magical capacity is extremely low (-30% MP).
164024 | Lair:1   | Lost mutation: Your magical capacity is very low (-20% MP).
164029 | Lair:1   | Gained mutation: Your mind is acute (Int +1).
164978 | Tomb:1   | You are cast into the Abyss!
164978 | Tomb:1   | Cast into the Abyss (the wrath of Vehumet)
164982 | Abyss    | Got a conspicuous book
164991 | Abyss    | Identified Khufu's Guide on Unholy Rites (You found it in the Abyss)
165062 | Abyss    | Noticed a soul eater
165079 | Abyss    | Defeated a soul eater
165118 | Abyss    | Reached skill level 1 in Stabbing
165238 | Abyss    | Reached skill level 10 in Stealth
165293 | Abyss    | Reduced skill Maces & Flails to level 1
165297 | Abyss    | Reached skill level 5 in Air Magic
165411 | Abyss    | Noticed a mottled draconian monk
165520 | Abyss    | Noticed a green draconian shifter
165531 | Abyss    | Defeated a green draconian shifter
165725 | Abyss    | Reached skill level 15 in Long Blades
165763 | Abyss    | Noticed a giant eyeball
165769 | Abyss    | Defeated a giant eyeball
165868 | Abyss    | Noticed a deep dwarf
165868 | Abyss    | Noticed a deep dwarf death knight
165872 | Abyss    | Defeated a deep dwarf
165873 | Abyss    | Noticed a deep dwarf
165874 | Abyss    | Noticed a deep dwarf
165875 | Abyss    | Noticed a deep dwarf
165879 | Abyss    | Defeated a deep dwarf death knight
165882 | Abyss    | Defeated a deep dwarf
165884 | Abyss    | Defeated a deep dwarf
165885 | Abyss    | Defeated a deep dwarf
165914 | Tomb:1   | You pass through the gate.
166379 | Tomb:1   | Reached skill level 10 in Ice Magic
171290 | Tomb:3   | Reached skill level 5 in Summonings
171661 | Tomb:3   | Reached skill level 20 in Fighting
171681 | Tomb:3   | Identified a rod of smiting
171681 | Tomb:3   | Identified the +3,+3 scimitar "Vuehaico"
171687 | Tomb:3   | Identified the +3,+5 falchion of the Lurker
171690 | Tomb:3   | Reached skill level 5 in Traps & Doors
171730 | Tomb:3   | Got the uncursed ring mail of the Butterfly {+Blink rPois Dex+3 Int+4}
171735 | Tomb:3   | Got a graven book
171746 | Tomb:3   | Got an uncursed jade amulet
171801 | Tomb:3   | Identified the amulet of the Four Winds (You found it on level 3 of the Tomb of the Ancients)
171802 | Tomb:3   | Identified the +3 ring mail of the Butterfly {+Blink rPois Dex+3 Int+4} (You found it on level 3 of the Tomb of the Ancients)
171803 | Tomb:3   | Identified the Grimoire of Contamination (You found it on level 3 of the Tomb of the Ancients)
172050 | Tomb:3   | Identified a golden rune of Zot
172074 | Tomb:3   | Identified the +3,+4 Vampire's Tooth
174177 | Lair:1   | Reached skill level 15 in Ice Magic
174619 | Lair:1   | Learned a level 4 spell: Dispel Undead
174646 | Lair:1   | Identified the +0,+6 glaive of Doubt (You found it on level 10 of the Dungeon)
174667 | Lair:1   | Identified the +0,+6 glaive of Doubt (You found it on level 10 of the Dungeon)
175193 | Zot:1    | Entered Level 1 of the Realm of Zot
177391 | Zot:2    | You are cast into the Abyss!
177391 | Zot:2    | Cast into the Abyss (the wrath of Vehumet)
177535 | Abyss    | Gained mutation: Armour fits poorly on your unusually shaped body.
177554 | Zot:2    | You pass through the gate.
178409 | Zot:3    | Reached skill level 21 in Fighting
178884 | Zot:3    | Reduced skill Stealth to level 5
180046 | Zot:4    | Reached skill level 15 in Spellcasting
180840 | Zot:5    | Entered Level 5 of the Realm of Zot
180928 | Zot:5    | Reached skill level 22 in Fighting
182513 | Crypt:5  | Gained mutation: You heal slowly.
182541 | Crypt:5  | Reached skill level 1 in Stealth
182601 | Crypt:5  | Gained mutation: Your vision is a little blurry.
184439 | Lair:1   | Learned a level 4 spell: Control Teleport
184695 | Slime:1  | Entered Level 1 of the Pits of Slime
185665 | Slime:6  | Entered Level 6 of the Pits of Slime
185806 | Slime:6  | Gained mutation: You are weak (Str -1).
185808 | Slime:6  | Gained mutation: You digest meat inefficiently.
186266 | Slime:5  | Lost mutation: Your magical capacity is low (-10% MP).
186576 | Slime:6  | Noticed the royal jelly
186580 | Slime:6  | Found a viscous altar of Jiyva.
186670 | Slime:6  | Defeated the royal jelly
186672 | Slime:6  | Identified the +5,+6 mace "Vurgh"
186672 | Slime:6  | Identified a slimy rune of Zot
186673 | Slime:6  | Identified the ring of Wayw
186680 | Slime:6  | Identified the +15 shield "Bullseye"
186723 | Slime:6  | Got a rare book
186762 | Slime:6  | Identified Azrael's Almanac of Fiery Attacks (You found it on level 6 of the Pits of Slime)
186769 | Slime:6  | Learned a level 6 spell: Freezing Cloud
186778 | Slime:6  | Got a yellowed book
186781 | Slime:6  | Got a black book
186832 | Slime:6  | Got a glistering book
187228 | Lair:1   | Identified the +0,+6 glaive of Doubt (You found it on level 10 of the Dungeon)
187249 | Lair:1   | Identified the Guide on Flying Arcane Weapons (You found it on level 6 of the Pits of Slime)
187249 | Lair:1   | Identified the Handbook of Transmutation and Translocation (You found it on level 6 of the Pits of Slime)
187532 | Lair:1   | Reached skill level 15 in Invocations
188546 | Zot:5    | Noticed an orb of fire
188592 | Zot:5    | Gained mutation: Your body is slowly deteriorating.
188602 | Zot:5    | Defeated an orb of fire
189067 | Zot:5    | Reached skill level 23 in Fighting
189074 | Zot:5    | Noticed an ancient lich
189092 | Zot:5    | Reduced skill Invocations to level 10
189554 | Zot:5    | Reached skill level 15 in Invocations
189591 | Zot:5    | Defeated an ancient lich
189672 | Zot:5    | Lost mutation: Armour fits poorly on your unusually shaped body.
189672 | Zot:5    | Lost mutation: Your body is slowly deteriorating.
189672 | Zot:5    | Lost mutation: Your mind is acute (Int +1).
189672 | Zot:5    | Lost mutation: Your vision is a little blurry.
189675 | Zot:5    | Noticed an ancient lich
189677 | Zot:5    | Noticed an orb of fire
189710 | Zot:5    | Reached skill level 1 in Evocations
190148 | Zot:5    | Defeated an orb of fire
190328 | Zot:5    | Noticed an orb of fire
190330 | Zot:5    | Gained mutation: You occasionally shout uncontrollably.
190351 | Zot:5    | Defeated an orb of fire
190545 | Zot:5    | Defeated an ancient lich
192627 | Coc:1    | Entered Level 1 of Cocytus
192652 | Coc:1    | You are cast into the Abyss!
192652 | Coc:1    | Cast into the Abyss (the wrath of Vehumet)
192702 | Abyss    | Noticed an iron devil
192708 | Abyss    | Defeated an iron devil
192724 | Abyss    | Gained mutation: Armour fits poorly on your unusually shaped body.
192773 | Abyss    | Noticed a shining eye
192776 | Abyss    | Gained mutation: You digest meat very inefficiently.
192779 | Abyss    | Defeated a shining eye
192826 | Abyss    | Noticed a crystal golem
192840 | Abyss    | Defeated a crystal golem
192859 | Abyss    | Noticed a deep dwarf
192859 | Abyss    | Noticed a deep dwarf
192873 | Abyss    | Defeated a deep dwarf
192888 | Abyss    | Defeated a deep dwarf
192890 | Abyss    | Noticed a deep dwarf artificer
193041 | Abyss    | Noticed a purple draconian zealot
193050 | Abyss    | Defeated a purple draconian zealot
193164 | Abyss    | Noticed a phantasmal warrior
193174 | Abyss    | Defeated a phantasmal warrior
193497 | Abyss    | Noticed a silent spectre
193499 | Abyss    | Noticed a naga mage
193506 | Abyss    | Defeated a silent spectre
193521 | Abyss    | Defeated a naga mage
193558 | Abyss    | Gained mutation: You cover ground slowly.
193623 | Abyss    | Noticed a cyclops simulacrum
193627 | Abyss    | Defeated a cyclops simulacrum
193641 | Abyss    | Noticed a naga mage
193652 | Abyss    | Defeated a naga mage
193720 | Abyss    | Noticed a death drake
193728 | Abyss    | Noticed a necromancer
193729 | Abyss    | Defeated a death drake
193739 | Abyss    | Noticed a necromancer
193740 | Abyss    | Noticed a hell knight
193740 | Abyss    | Noticed a hell knight
193741 | Abyss    | Noticed a hell knight
193742 | Abyss    | Defeated a necromancer
193744 | Abyss    | Noticed a necromancer
193745 | Abyss    | Noticed a hell knight
193746 | Abyss    | Noticed a hell knight
193750 | Abyss    | Defeated a hell knight
193754 | Abyss    | Defeated a hell knight
193757 | Abyss    | Defeated a hell knight
193763 | Abyss    | Defeated a necromancer
193773 | Abyss    | Defeated a hell knight
193776 | Abyss    | Defeated a necromancer
193777 | Abyss    | Defeated a hell knight
193834 | Abyss    | Noticed a tentacled monstrosity
193842 | Abyss    | Defeated a tentacled monstrosity
193876 | Coc:1    | You pass through the gate.
193882 | Coc:1    | Reached skill level 24 in Fighting
194304 | Coc:1    | Reduced skill Invocations to level 15
195081 | Hell     | Was forgiven by Vehumet
195987 | Coc:7    | Entered Level 7 of Cocytus
197071 | D:24     | Noticed a deep elf priest
197080 | D:24     | Defeated a deep elf priest
198057 | Pan      | Entered Pandemonium
198078 | Pan      | Noticed Bous the pandemonium lord
198133 | Pan      | Defeated Bous the pandemonium lord
198133 | Pan      | Reached skill level 15 in Conjurations
198153 | Pan      | Got a demonic rune of Zot
198250 | Pan      | Noticed Digem the pandemonium lord
198788 | Pan      | Entered the realm of Mnoleg.
198832 | Pan      | Gained mutation: You heal very slowly.
198934 | Pan      | Lost mutation: You cover ground slowly.
198934 | Pan      | Lost mutation: Armour fits poorly on your unusually shaped body.
199401 | Pan      | Noticed Mnoleg
199440 | Pan      | Reached skill level 25 in Fighting
200345 | Pan      | Gained mutation: Your magical capacity is low (-10% MP).
200371 | Pan      | Reached skill level 5 in Stealth
200586 | Pan      | Gained mutation: You have a fast metabolism.
201567 | Pan      | Reduced skill Invocations to level 10
201581 | Pan      | Identified a glowing rune of Zot
201868 | Pan      | Noticed Qucwin the pandemonium lord
202079 | Pan      | Gained mutation: You are frail (-10% HP).
202080 | Pan      | Gained mutation: Your body is slowly deteriorating.
202083 | Pan      | Gained mutation: Armour fits poorly on your unusually shaped body.
202137 | Pan      | Reached skill level 5 in Necromancy
202308 | Pan      | Reduced skill Invocations to level 5
202370 | Pan      | Gained mutation: Your body is deteriorating.
202539 | Pan      | Noticed Creymeme the pandemonium lord
203331 | Pan      | Noticed Sotwuod the pandemonium lord
203349 | Pan      | Found a gateway to a ziggurat.
203626 | Pan      | Reduced skill Stealth to level 1
203646 | Pan      | HP: 3/230 [lich/crystal spear (59)]
203682 | Pan      | Gained mutation: Your vision is a little blurry.
203727 | Pan      | Gained mutation: You do not heal naturally.
203747 | Pan      | Gained mutation: You are weak (Str -2).
203818 | Pan      | You paid a toll of 2860 gold to enter a ziggurat.
203818 | Zig:1    | Entered level 1 of a ziggurat
203835 | Zig:2    | Entered level 2 of a ziggurat
203915 | Zig:3    | Entered level 3 of a ziggurat
203950 | Zig:4    | Entered level 4 of a ziggurat
203963 | Zig:5    | Entered level 5 of a ziggurat
203972 | Zig:5    | Lost mutation: You do not heal naturally.
203972 | Zig:5    | Lost mutation: Your vision is a little blurry.
203972 | Zig:5    | Lost mutation: You are frail (-10% HP).
204497 | Zig:6    | Entered level 6 of a ziggurat
204503 | Zig:6    | Identified the ring "Prurodaj"
204607 | Zig:7    | Entered level 7 of a ziggurat
204749 | Zig:7    | Learned a level 6 spell: Haste
204824 | Zig:8    | Entered level 8 of a ziggurat
204830 | Zig:8    | Identified the +3 crown of Dyrovepreva
204874 | Pan      | Gained mutation: You sometimes yell uncontrollably.
204928 | Pan      | Gained mutation: You have a very fast metabolism.
204962 | Pan      | Gained mutation: Your metabolism is lightning-fast.
204989 | Pan      | Gained mutation: Armour fits poorly on your deformed body.
205009 | Pan      | Gained mutation: Your body is rapidly deteriorating.
205049 | Pan      | Gained mutation: You frequently scream uncontrollably.
205070 | Pan      | Lost mutation: Your metabolism is lightning-fast.
205093 | Pan      | Gained mutation: Your vision is a little blurry.
205115 | Pan      | Gained mutation: Armour fits poorly on your badly deformed body.
205135 | Pan      | Gained mutation: You are frail (-10% HP).
205451 | Pan      | You are cast into the Abyss!
205451 | Pan      | Cast into the Abyss (distortion unwield)
205530 | Abyss    | Noticed a naga mage
205536 | Abyss    | Defeated a naga mage
205581 | Abyss    | Noticed an iron golem
205592 | Abyss    | Defeated an iron golem
205623 | Abyss    | Reached skill level 1 in Stealth
205706 | Abyss    | Noticed a purple ugly thing
205708 | Abyss    | Noticed a purple ugly thing
205708 | Abyss    | Noticed a purple ugly thing
205709 | Abyss    | Noticed a purple ugly thing
205711 | Abyss    | Defeated a purple ugly thing
205716 | Abyss    | Defeated a brown ugly thing
205722 | Abyss    | Defeated a purple ugly thing
205724 | Abyss    | Defeated a purple ugly thing
205940 | Abyss    | Reached skill level 26 in Fighting
205975 | Abyss    | Noticed an Angel
206003 | D:24     | You pass through the gate.
207195 | Zot:5    | Got the Orb of Zot
207529 | D:23     | Noticed Tayroyqu the pandemonium lord
207860 | D:14     | Noticed Mukarik the pandemonium lord
207914 | D:11     | Noticed Psuqug the pandemonium lord
208046 | D:4      | Noticed Uheh the pandemonium lord
208111 | D:2      | Noticed a yak
208111 | D:2      | Noticed a yak
208111 | D:2      | Noticed a yak
208111 | D:2      | Noticed a yak
208111 | D:2      | Noticed a yak
208111 | D:2      | Noticed a cyclops
208113 | D:2      | Noticed a yak
208115 | D:2      | Defeated a cyclops
208122 | D:2      | Defeated a yak
208124 | D:2      | Defeated a yak
208159 | D:$      | Escaped with the Orb!
